 Dungeon Crawl Stone Soup version 0.31-a0-538-gbc85326fa9 (webtiles) character file.

Game seed: 15808900059604978756

55 randomguy2701 the Grave Robber (level 3, -1/19 HPs)
             Began as a Deep Elf Necromancer on Aug 13, 2023.
             Slain by a goblin
             ... wielding a +0 club
             ... led by Robin
              (2 damage)
             ... on level 2 of the Dungeon.
             The game lasted 00:01:42 (1539 turns).

randomguy2701 the Grave Robber (DENe)               Turns: 1539, Time: 00:01:43

Health: -1/19      AC:  2    Str:  5    XL:     3   Next: 67%
Magic:  4/10       EV: 12    Int: 21    God:
Gold:   105        SH:  0    Dex: 15    Spells: 9/10 levels left

rFire   . . .        (no weapon)
rCold   . . .        (no shield)
rNeg    . . .        a - +0 robe
rPois   .            (no helmet)
rElec   .            (no cloak)
rCorr   .            (no gloves)
SInv    .            (no boots)
Will    +....        (no amulet)
Stlth   ++           h - ring of willpower
HPRegen 0.23/turn    (no ring)
MPRegen 0.12/turn

%: no passive effects
@: no status effects
A: no striking features
a: no special abilities


You were on level 2 of the Dungeon.
You visited 1 branch of the dungeon, and saw 2 of its levels.

You collected 105 gold pieces.

Inventory:

Armour
 a - a +0 robe (worn)
Jewellery
 h - a ring of willpower (left hand)
Scrolls
 c - a scroll of identify {unknown}
 d - a scroll of immolation {unknown}
 f - 2 scrolls of summoning {unknown}
Potions
 b - 2 potions of magic
 e - a potion of curing {unknown}
 g - a potion of resistance {unknown}


   Skills:
 + Level 0.2 Fighting
 + Level 2.5 Dodging
 + Level 2.7 Stealth
 + Level 0.1 Unarmed Combat
 + Level 4.2 Spellcasting
 + Level 5.6 Necromancy


You had 9 spell levels left.
You knew the following spells:

 Your Spells              Type           Power      Damage    Failure   Level
a - Necrotise             Necr           100%       1d9       1%          1

Your spell library contained the following spells:

 Spells                   Type           Power      Damage    Failure   Level
 Vampiric Draining        Necr           28%        2d8       3%          3
 Animate Dead             Necr           28%        N/A       12%         4
 Agony                    Necr           28%        N/A       32%         5


Dungeon Overview and Level Annotations

Branches:
Dungeon (2/15)

Altars:

Annotations:
D:2 Robin


Message History

Your ball python skeleton is destroyed!
The goblin shouts!
The hobgoblin attacks as you move away! The hobgoblin misses you.
The goblin barely misses you. Something hits your goblin skeleton.
Your goblin skeleton is destroyed!
Your magical contamination has completely faded away.
The hobgoblin attacks as you move away!
The hobgoblin hits you but does no damage.
The goblin closely misses you. The goblin attacks as you move away!
The goblin hits you with a +0 club. Robin throws the goblin at you!
The goblin misses you.
You hit the goblin but do no damage.
The goblin no longer looks unusually strong.
The goblin hits you but does no damage. Robin throws the goblin at you!
The goblin hits you but does no damage.
Casting: Necrotise (safe; 1% risk of failure)
Confirm with . or Enter, or press ? or * to list all spells.
Aiming: Necrotise (safe; 1% risk of failure)
Press: ? - help, Shift-Dir - straight line, f - hobgoblin
Aim: a hobgoblin (strong, chance to affect: 93%)
The hobgoblin writhes in agony.
The goblin hits you with a +0 club. x2
* * * LOW HITPOINT WARNING * * *
The hobgoblin misses you.
Robin roars a battlecry!
The goblin goes into a battle-frenzy!
The goblin barely misses you.
The goblin unwields a +0 sling.
The goblin wields a +0 club.
The goblin hits you with a +0 club.
* * * LOW HITPOINT WARNING * * *
Unknown command.
Casting: Necrotise (safe; 1% risk of failure)
Confirm with . or Enter, or press ? or * to list all spells.
Aiming: Necrotise (safe; 1% risk of failure)
Press: ? - help, Shift-Dir - straight line, f/p - hobgoblin
Aim: a hobgoblin (heavily wounded, strong, chance to affect: 93%)
The hobgoblin writhes in agony!
You kill the hobgoblin!
The dead are walking!
The goblin no longer looks unusually strong.
The goblin hits you with a +0 club.
You die...

......##....).##.# #..# ....
......##.........## #<.##...#
..................####....>##
#........##....>.....#<.....#
.#......#..#.....#...Z......#
...........#.....#####......#
###########.(....# #.........
........gg# ##.........
#...#[....@# #..........
#.###....gg###.......... .
#...Z.g##....######.
######g......# #.......#
#.......# ########g......#
....gg..g......#
##..)....#######


You could see Robin, a hobgoblin (strong), 6 goblins and a friendly hobgoblin
skeleton.

Vanquished Creatures
  A worm (D:2)
  2 dart slugs (D:1)
  4 bats
  4 endoplasms
  A giant cockroach (D:1)
  7 hobgoblins
  2 jackals (D:1)
  2 quokkas
  4 ball pythons
  7 frilled lizards (D:1)
  5 goblins
  A kobold (D:1)
  4 rats
44 creatures vanquished.

Vanquished Creatures (collateral kills)
  A jackal (D:1)
1 creature vanquished.

Grand Total: 45 creatures vanquished

Notes
Turn   | Place    | Note
-------+----------+-------------------------------------------
     0 | D:1      | randomguy2701 the Deep Elf Necromancer began the quest for
                  | the Orb.
     0 | D:1      | Reached XP level 1. HP: 10/10 MP: 6/6
    50 | D:1      | Reached skill level 5 in Necromancy
   265 | D:1      | Reached XP level 2. HP: 12/15 MP: 5/8
   828 | D:1      | Reached XP level 3. HP: 14/19 MP: 7/10
  1521 | D:2      | Noticed Robin
  1539 | D:2      | Slain by a goblin

Illustrated notes

Levels and vault maps discovered:
D:1:      lemuel_arrival_cross, layout_loops_ring, hex_tiny,
          minmay_misc_feat_iff, nicolae_figureground_pulse
D:2:      layout_rooms, minmay_curled_crystal, uniq_robin

Skill      XL: |  1  2  3 |
---------------+----------+-----
Necromancy     | 5 |  5.6
Spellcasting   | 4 |  4.2
Fighting       | |  0.2
Dodging        | |  2.5
Stealth        | |  2.7
Unarmed Combat | |  0.1

Action                     || total
---------------------------++-------
  Melee: Unarmed           ||     4
   Cast: Necrotise         ||    74
 Armour: Robe              ||     9
  Dodge: Dodged            ||    23

Table legend: (Time is in decaauts)
 A = Elapsed time spent in this place.
 B = Non-inter-level travel time spent in this place.
 C = Inter-level travel time spent in this place.
 D = Time resting spent in this place.
 E = Time spent auto-exploring this place.
 F = Levels seen in this place.
 G = Mean time per level.
                   A        B        C        D        E       F      G
               +--------+--------+--------+--------+--------+-----+--------+
         Total |   1538 |   1484 |     54 |      0 |   1299 |   2 |  769.0 |
       Dungeon |   1538 |   1484 |     54 |      0 |   1299 |   2 |  769.0 |
               +--------+--------+--------+--------+--------+-----+--------+

Top non-repeatable levels by time:
     D:1: 1363 daAuts
     D:2: 175 daAuts
